 Dungeon Crawl Stone Soup version 0.30-a0-824-g6c64550be9 (webtiles) character file.

Game seed: 10420780255405151421

557168 Iich the Axe Maniac (level 26, -23/399 HPs)
             Began as a Hill Orc Fighter on Feb 26, 2023.
             Was an Initiate of Gozag.
             Annihilated by an acid blob (24 damage)
             ... created by the Royal Jelly
             ... on level 5 of the Pits of Slime on Feb 27, 2023.
             The game lasted 01:45:10 (60532 turns).

Iich the Axe Maniac (Hill Orc Fighter)             Turns: 60532, Time: 01:45:10

Health: -23/399    AC: 26    Str: 23    XL:     26   Next: 51%
Magic:  2/23       EV: 20    Int: 13    God:    Gozag
Gold:   3068       SH: 18    Dex: 18    Spells: 25/25 levels left

rFire   + + .      SeeInvis .    U - +7 broad axe (vamp)
rCold   + + +      Faith    .    R - +0 kite shield "Fanux" {Drain rElec rPois}
rNeg    + . .      Spirit   .    t - +9 scales of the Dragon King {rPois rF+ rC+ Will+}
rPois   +          Reflect  .    J - +3 hat of the Moon {rC+ Int+5 Stlth+}
rElec   +          Harm     +    y - +2 cloak {rCorr}
rCorr   +          Rampage  .    k - +2 pair of gloves
Will    ++...      Clarity  +    X - +2 pair of boots {Fly} Stlth
                                 z - amulet of Moodiness {Harm rN+ Regen+ Stlth+}
HPRegen 1.66/turn                V - +4 ring of protection
MPRegen 0.18/turn                q - +5 ring of evasion

@: mighty, berserking, resistant, corroded, flying, studying 3 skills,
invisible, unable to read, very quick
A: horns 2, talons 1, clarity, poison resistance, no potion heal 1, subdued
magic 1, inability to read after injury 1
}: 3/15 runes: barnacled, silver, gossamer
a: Renounce Religion, Potion Petition, Call Merchant, Bribe Branch


You were on level 5 of the Pits of Slime.
You worshipped Gozag.
Gozag was most pleased with you.
You visited 11 branches of the dungeon, and saw 52 of its levels.
You also visited: Trove and Ice Cave.

You collected 26041 gold pieces.
You spent 3912 gold pieces at shops.
You paid 19061 gold pieces to Gozag.

Inventory:

Hand Weapons
 G - the +4 consecrated labrys {holy, Valiant Fragile Fly SInv}
   (You bought it in a shop on level 2 of the Orcish Mines)

   Valiant:   It becomes more powerful as more dangerous foes come into view.
   SInv:      It lets you see invisible.
   Fly:       It grants you flight.
   Fragile:   It will be destroyed if unequipped.
 U - a +7 vampiric broad axe (weapon)
Missiles
 u - 9 throwing nets (quivered)
Armour
 k - a +2 pair of gloves (worn)
 t - the +9 scales of the Dragon King (worn) {rPois rF+ rC+ Will+}
   (You found it on level 5 of the Dungeon)

   rF:        It protects you from fire.
   rC:        It protects you from cold.
   rPois:     It protects you from poison.
   Will:      It increases your willpower.
 y - a +2 cloak of preservation (worn)
 J - the +3 hat of the Moon (worn) {rC+ Int+5 Stlth+}
   (You found it on level 4 of the Spider Nest)

   Int:       It affects your intelligence (+5).
   rC:        It protects you from cold.
   Stlth:     It makes you more stealthy.
 K - the +13 plate armour of Wony {Harm rF+ Will+ Int-5}
   (You found it on level 5 of the Vaults)

   Int:       It affects your intelligence (-5).
   rF:        It protects you from fire.
   Harm:      It increases damage dealt and taken.
   Will:      It increases your willpower.
 L - the +1 tower shield "Timoh" {*Corrode rF+ Int+7}
   (You acquired it on level 2 of the Realm of Zot)

   Int:       It affects your intelligence (+7).
   rF:        It protects you from fire.
   *Corrode:  It may corrode you when you take damage.
 Q - a scarf of resistance
 R - the +0 kite shield "Fanux" (worn) {Drain rElec rPois}
   (You found it on level 5 of the Lair of Beasts)

   rElec:     It insulates you from electricity.
   rPois:     It protects you from poison.
   Drain:     It drains your maximum health when unequipped.
 X - a +2 pair of boots of flying (worn)
Jewellery
 m - a ring of positive energy
 o - a ring of see invisible
 q - a +5 ring of evasion (right hand)
 r - a +6 ring of strength
 z - the amulet of Moodiness (around neck) {Harm rN+ Regen+ Stlth+}
   (You found it in a treasure trove)

   [amulet of regeneration]

   rN:        It protects you from negative energy.
   Regen:     It increases your rate of health regeneration.
   Harm:      It increases damage dealt and taken.
   Stlth:     It makes you more stealthy.
 C - a ring of protection from cold
 H - an amulet of guardian spirit
 V - a +4 ring of protection (left hand)
 Y - an amulet of reflection
Wands
 a - a wand of mindburst (18)
 A - a wand of light (16)
 B - a wand of roots (35)
 M - a wand of digging (19)
Scrolls
 e - 7 scrolls of teleportation
 g - 2 scrolls of blinking
 v - 8 scrolls of magic mapping
 w - 5 scrolls of summoning
 D - 3 scrolls of silence
 E - a scroll of vulnerability
 I - 9 scrolls of fog
 P - 7 scrolls of poison
 S - 12 scrolls of fear
 W - 3 scrolls of brand weapon
 Z - 2 scrolls of enchant armour
Potions
 b - 3 potions of cancellation
 c - 8 potions of haste
 d - 9 potions of might
 f - 2 potions of lignification
 h - 4 potions of magic
 i - 8 potions of heal wounds
 j - 17 potions of curing
 l - 4 potions of ambrosia
 n - 4 potions of resistance
 s - a potion of mutation
 x - a potion of invisibility
 F - 5 potions of berserk rage
Miscellaneous
 p - a phantom mirror (inert)
 N - a box of beasts (inert)
 O - a lightning rod (2/4)
 T - a condenser vane (inert)


   Skills:
 O Level 27 Fighting
 O Level 27 Axes
 + Level 25.6 Armour
 + Level 19.0 Dodging
 + Level 24.5 Shields


You had 25 spell levels left.
You didn't know any spells.
Your spell library contained the following spells:

 Spells                   Type           Power      Damage    Failure   Level
 Apportation              Tloc           0%         N/A       96%         1
 Beastly Appendage        Tmut           0%         N/A       96%         1
 Freeze                   Ice            0%         1d3       96%         1
 Magic Dart               Conj           0%         1d3       96%         1
 Necrotise                Necr           0%         1d4       96%         1
 Shock                    Conj/Air       0%         1d3       96%         1
 Sting                    Tmut/Pois      0%         1d3       96%         1
 Summon Small Mammal      Summ           0%         N/A       96%         1
 Call Imp                 Summ           0%         N/A       99%         2
 Cigotuvi's Dreadful Rot  Necr/Pois/Air  0%         N/A       99%         2
 Ensorcelled Hibernation  Hex/Ice        0%         N/A       99%         2
 Lesser Beckoning         Tloc           0%         N/A       99%         2
 Passwall                 Tmut/Erth      0%         N/A       99%         2
 Poisonous Vapours        Pois/Air       0%         N/A       99%         2
 Scorch                   Fire           0%         2d5       99%         2
 Sublimation of Blood     Necr           0%         N/A       99%         2
 Wereblood                Tmut           0%         N/A       99%         2
 Call Canine Familiar     Summ           0%         N/A       100%        3
 Dazzling Flash           Conj/Hex       0%         N/A       100%        3
 Frozen Ramparts          Ice            0%         1d1       100%        3
 Gell's Gravitas          Tloc           0%         N/A       100%        3
 Hailstorm                Conj/Ice       0%         3d3       100%        3
 Inner Flame              Hex/Fire       0%         N/A       100%        3
 Kindle Blastsparks       Fire/Tloc/Air  0%         2d10      100%        3
 Mephitic Cloud           Conj/Pois/Air  0%         N/A       100%        3
 Ozocubu's Armour         Ice            0%         N/A       100%        3
 Spider Form              Tmut/Pois      0%         N/A       100%        3
 Stone Arrow              Conj/Erth      0%         3d7       100%        3
 Summon Guardian Golem    Hex/Summ       0%         N/A       100%        3
 Swiftness                Air            0%         N/A       100%        3
 Teleport Other           Tloc           0%         N/A       100%        3
 Vampiric Draining        Necr           0%         2d6       100%        3
 Airstrike                Air            0%         2d(0-16)  100%        4
 Anguish                  Hex/Necr       0%         N/A       100%        4
 Animate Armour           Summ/Erth      0%         N/A       100%        4
 Cause Fear               Hex            0%         N/A       100%        4
 Dispel Undead            Necr           0%         3d6       100%        4
 Flame Wave               Conj/Fire      0%         2d4       100%        4
 Ice Form                 Ice/Tmut       0%         N/A       100%        4
 Iskenderun's Mystic Bla  Conj/Tloc      0%         2d3       100%        4
 Manifold Assault         Tloc           0%         N/A       100%        4
 Olgreb's Toxic Radiance  Pois           0%         N/A       100%        4
 Passage of Golubria      Tloc           0%         N/A       100%        4
 Petrify                  Tmut/Erth      0%         N/A       100%        4
 Summon Ice Beast         Ice/Summ       0%         N/A       100%        4
 Summon Lightning Spire   Summ/Air       0%         N/A       100%        4
 Agony                    Necr           0%         N/A       100%        5
 Alistair's Intoxication  Tmut/Pois      0%         N/A       100%        5
 Irradiate                Conj/Tmut      0%         3d11      100%        5
 Lee's Rapid Deconstruct  Erth           0%         3d4*      100%        5
 Lightning Bolt           Conj/Air       0%         1d11      100%        5
 Metabolic Englaciation   Hex/Ice        0%         N/A       100%        5
 Silence                  Hex/Air        0%         N/A       100%        5
 Summon Forest            Summ/Tloc      0%         N/A       100%        5
 Summon Mana Viper        Hex/Summ       0%         N/A       100%        5
 Yara's Violent Unravell  Hex/Tmut       0%         3d3       100%        5
 Death Channel            Necr           0%         N/A       100%        6
 Dispersal                Tloc           0%         N/A       100%        6
 Starburst                Conj/Fire      0%         6d3       100%        6
 Statue Form              Tmut/Erth      0%         N/A       100%        6
 Summon Cactus Giant      Summ           0%         N/A       100%        6
 Dragon Form              Tmut           0%         N/A       100%        7
 Monstrous Menagerie      Summ           0%         N/A       100%        7
 Orb of Destruction       Conj           0%         9d5       100%        7
 Ozocubu's Refrigeration  Ice            0%         4d7       100%        7
 Spellforged Servitor     Conj/Summ      0%         N/A       100%        7
 Storm Form               Tmut/Air       0%         N/A       100%        7
 Summon Hydra             Summ           0%         N/A       100%        7
 Borgnjor's Revivificati  Necr           0%         N/A       100%        8
 Discord                  Hex            0%         N/A       100%        8
 Disjunction              Tloc           0%         N/A       100%        8
 Ignition                 Fire           0%         3d3       100%        8
 Lehudib's Crystal Spear  Conj/Erth      0%         10d2      100%        8
 Necromutation            Tmut/Necr      0%         N/A       100%        8
 Death's Door             Necr           0%         N/A       100%        9
 Dragon's Call            Summ           0%         N/A       100%        9
 Simulacrum               Ice/Necr       Unusable   N/A       N/A         6

Dungeon Overview and Level Annotations

Branches:
Dungeon (15/15)            Temple (1/1) D:6            Lair (5/5) D:9
 Shoals (4/4) Lair:2       Spider (4/4) Lair:3        Slime (5/5) Lair:5
    Orc (2/2) D:12            Elf (2/3) Orc:2        Vaults (5/5) D:14
  Crypt (0/3) Vaults:3     Depths (4/4) D:15            Zot (5/5) Depths:4
  IceCv (visited)

Altars:
Cheibriados
Dithmenos
Elyvilon
Gozag
Kikubaaqudgha
Nemelex Xobeh
Okawaru
Qazlal
Ru
Sif Muna
Trog
Uskayaw
Vehumet
Wu Jian
Xom
Yredelemnul
Zin
The Shining One
Beogh
Jiyva
Lugonu

Shops:
D:10 *   D:11 ((   Orc:2 !*([(*:(:   Vaults:2 ?(?*   Depths:3 *

Portals:
Hell: Depths:1 Depths:2 Depths:3 Depths:4
Abyss: Lair:5 Depths:1 Depths:3
Pandemonium: Depths:1 Depths:2
Ziggurat: Depths:2

Annotations:
D:9 3 runed translucent doors, mandoloar's ghost, journeyman GrEE; pigah's ghost, novice OpWn
Slime:5 Royal Jelly


Innate Abilities, Weirdness & Mutations

You have a pair of horns on your head.
You have sharp toenails.
You possess an exceptional clarity of mind.
Your system is resistant to poisons. (rPois)
Potions are less effective at restoring your health.
Your spells are a little easier to cast, but a little less powerful.
You occasionally lose the ability to read scrolls when taking damage.


Message History

[b] - 600 gold - brilliance, magic, resistance and invisibility [c] - 276 gold - invisibility and might Purchase which effect?
You feel much better.
You fade into invisibility!
You feel very mighty all of a sudden.
You block the quicksilver ooze's attack. x2
The quicksilver ooze misses you.
The quicksilver ooze completely misses you.
The rockslime hits you!!
* * * LOW HITPOINT WARNING * * *
You hold your ground!
The rockslime hits you!
* * * LOW HITPOINT WARNING * * *
You hold your ground!
The rockslime closely misses you.
You block the quicksilver ooze's attack.
The quicksilver ooze barely misses you. [a] - 400 gold - resistance, heal wounds and berserk rage [b] - 357 gold - lignification, might and resistance [c] - 572 gold - brilliance, magic, heal wounds and berserk rage Purchase which effect?
You feel protected.
You feel much better.
A red film seems to cover your vision as you go berserk!
You feel yourself moving faster!
You feel mighty!
You block the quicksilver ooze's attack.
The quicksilver ooze hits you but does no damage.
The rockslime hits you but does no damage.
The acid blob spits acid at you. The splash of acid hits you! You resist.
* * * LOW HITPOINT WARNING * * *
You block the rockslime's attack. The quicksilver ooze barely misses you.
The quicksilver ooze completely misses you.
The rockslime hits you!!
* * * LOW HITPOINT WARNING * * *
You hold your ground!
The quicksilver ooze misses you.
The quicksilver ooze hits you but does no damage.
A large slime creature splits.
The rockslime hits you!
* * * LOW HITPOINT WARNING * * *
You hold your ground!
The acid blob hits you!!
You die...
Your body crumbles into a pile of gold.

..... ......
##.......
###.........
#J#..........
###JJJ..........
...###J@JJJ..........
.....JJJJJ...........
......JJJJ...........
.......JJ..$.........
............$........
$
...........$$$$.....#
...........$$$$....#
............$.$...##
..................#


You could see the Royal Jelly, an acid blob, 4 azure jellies, a large slime
creature (unable to see you), 3 slime creatures, 3 rockslimes and 6 quicksilver
oozes.

Vanquished Creatures
  Dissolution (Slime:1)
  2 dread liches
  4 orbs of fire
  Boris (Depths:4)
  2 Killer Klowns
  Saint Roka (Vaults:4)
  3 curse toes
  3 bone dragons (Depths:4)
  13 golden dragons
  A Tzitzimitl (Depths:4)
  2 doom hounds (Depths:4)
  An electric golem (Zot:5)
  22 tentacled monstrosities
  A walking earthen tome (Depths:3)
  Grunn (Depths:4)
  7 liches
  9 Orb Guardians (Zot:5)
  7 quicksilver dragons
  3 krakens
  4 titans (Vaults:5)
  10 death cobs
  9 acid blobs
  Polyphemus (Shoals:2)
  11 sphinxes
  3 rockslimes
  Donald (Shoals:1)
  2 azure jellies
  15 storm dragons
  4 tengu reavers
  12 shadow dragons
  13 draconian monks
  3 iron dragons
  2 draconian knights (Zot:4)
  A fire giant (Depths:1)
  8 frost giants
  8 draconian scorchers
  11 vault wardens
  7 emperor scorpions
  5 ghost moths
  A balrug (Depths:3)
  2 draconian annihilators
  A deep elf sorcerer (Vaults:5)
  2 spriggan defenders (Depths:3)
  7 draconian shifters
  3 draconian stormcallers
  3 orc warlords
  3 quicksilver oozes
  11 ironbound preservers
  11 stone giants
  11 very ugly things
  3 ironbound thunderhulks (Vaults:2)
  3 deep elf demonologists
  A reaper (IceCv)
  2 broodmothers
  The ghost of Xodoc the Destroyer, a journeyman DsFE of Vehumet (Lair:4)
  A war gargoyle (Vaults:5)
  2 putrid mouths (Depths:4)
  9 black draconians
  3 spark wasps
  7 green draconians
  8 purple draconians
  12 white draconians
  2 deep elf annihilators (Vaults:5)
  Nessos (Lair:4)
  14 red draconians
  4 dire elephants
  12 yellow draconians
  A deep elf death mage (Vaults:5)
  A green death (Depths:2)
  5 ettins
  9 merfolk impalers
  2 deep elf high priests (Vaults:5)
  3 crystal guardians
  Josephine (D:11)
  9 yaktaur captains
  6 merfolk javelineers
  4 fire dragons
  13 entropy weavers
  13 great orbs of eyes
  A rakshasa (Depths:1)
  3 peacekeepers
  A quicksilver dragon skeleton (Depths:3)
  7 ice dragons
  31 vault guards
  7 hydras
  A spriggan air mage (Depths:2)
  2 catoblepae
  A hell beast (Depths:3)
  4 radroaches
  3 merfolk avatars
  An ogre mage (D:14)
  4 jorogumos
  An anaconda (shapeshifter) (Depths:4)
  10 boulder beetles
  14 centaur warriors
  11 deep troll shamans
  4 death knights
  8 ironbound frosthearts
  7 merfolk aquamancers
  4 hell hogs (Depths:3)
  6 deep troll earth magi
  7 two-headed ogres
  14 death yaks
  22 dancing weapons
  6 tengu warriors
  4 thrashing horrors (Lair:5)
  3 orc high priests
  Urug (Lair:5)
  13 hell knights
  5 spriggan berserkers
  2 soul eaters (Depths:3)
  6 sun demons
  2 sun moths
  12 deep elf knights
  4 skysharks
  8 iron trolls
  13 sea snakes
  2 shadow wraiths
  6 skeletal warriors
  A sixfirhy (Depths:2)
  4 flayed ghosts
  9 pharaoh ants
  8 orb spiders
  5 glowing orange brains
  47 deep trolls
  A glowing orange brain (shapeshifter) (Vaults:5)
  A tengu zombie (Vaults:3)
  A golden dragon skeleton (Depths:3)
  15 ironbound convokers
  23 wolf spiders
  6 wizards
  6 phantasmal warriors
  A sphinx zombie (Depths:3)
  10 steelbarb worms
  19 lindwurms
  15 deep elf zephyrmancers
  23 harpies
  8 necromancers
  16 deep elf pyromancers
  4 fauns (Shoals:3)
  A mana viper (shapeshifter) (Vaults:5)
  7 orc knights
  31 ugly things
  9 orc sorcerers
  2 shining eyes (Slime:1)
  13 manticores
  24 moths of wrath
  11 cyclopes
  A salamander (Depths:1)
  5 merfolk sirens
  A guardian serpent (shapeshifter) (Lair:5)
  6 black mambas
  5 smoke demons
  15 vault sentinels
  11 cane toads
  15 water nymphs
  16 demonic crawlers
  5 eyes of devastation
  Maggie (Lair:1)
  4 gargoyles
  An ice statue (IceCv)
  9 torpor snails
  2 kobold demonologists (D:11)
  An unseen horror (D:11)
  An unseen horror (shapeshifter) (D:15)
  3 freezing wraiths
  2 rime drakes (Lair:2)
  8 komodo dragons
  15 yaktaurs
  2 tengu conjurers
  2 ancient zymes (Lair:5)
  2 anaconda simulacra (IceCv)
  8 trolls
  28 merfolk
  9 meliai
  45 tarantellas
  2 red devils (Depths:2)
  A shadow dragon simulacrum (Vaults:3)
  4 polar bears
  A meliai (shapeshifter) (D:14)
  3 hornets
  A raiju (shapeshifter) (Vaults:3)
  An iron dragon simulacrum (Depths:3)
  7 wind drakes
  A dream sheep (shapeshifter) (Lair:5)
  5 snapping turtles
  3 dream sheep (Shoals:4)
  65 slime creatures
  17 blink frogs
  31 jumping spiders
  A frost giant simulacrum (Vaults:3)
  A shadow (D:13)
  A large abomination (Lair:5)
  6 air elementals (Shoals:4)
  A vampire (D:10)
  15 wraiths
  5 spriggans
  23 water elementals
  17 culicivoras
  A ynoxinul (Lair:5)
  13 basilisks
  23 yaks
  7 wyverns
  A steam dragon (D:9)
  A dire elephant simulacrum (IceCv)
  A fire elemental (Elf:1)
  A golden eye (shapeshifter) (Depths:3)
  9 golden eyes (Slime:1)
  14 vampire mosquitoes
  10 small abominations (Lair:5)
  2 chaos spawn (Lair:5)
  67 redbacks
  A death yak simulacrum (IceCv)
  A harpy simulacrum (IceCv)
  5 wargs
  2 floating eyes (Slime:1)
  16 water moccasins
  An acid dragon (D:10)
  A glowing shapeshifter skeleton (Vaults:3)
  35 orc warriors
  4 ice beasts (D:6)
  2 black bears
  12 wolves
  16 centaurs
  8 ogres
  A tengu (shapeshifter) (Vaults:5)
  A kobold brigand (D:9)
  A necrophage (D:6)
  3 earth elementals (Elf:1)
  7 bullfrogs
  A scorpion (shapeshifter) (Vaults:5)
  A scorpion (D:5)
  4 cane toad simulacra (IceCv)
  7 two-headed ogre simulacra (IceCv)
  9 wights
  4 elephant simulacra (IceCv)
  A howler monkey (D:12)
  5 electric eels
  4 jellies
  4 hounds
  13 orc priests
  A gnoll bouda (D:9)
  Ijyb (D:3)
  3 iguanas
  32 orc wizards
  6 hell rats (Lair:4)
  7 spriggan simulacra (IceCv)
  4 troll simulacra (IceCv)
  2 polar bear simulacra (IceCv)
  A wolf simulacrum (IceCv)
  6 gnolls
  5 adders
  7 naga simulacra (IceCv)
  A shadow imp (D:7)
  6 white imps
  6 ufetubi
  2 worms (D:4)
  2 dart slugs (D:1)
  86 orcs
  8 bats
  6 endoplasms
  5 giant cockroaches
  7 hobgoblins
  2 jackals (D:1)
  6 quokkas
  7 ball pythons
  3 frilled lizards
  8 goblins
  17 kobolds
  4 rats
  9 tentacles
2018 creatures vanquished.

Vanquished Creatures (collateral kills)
  2 orbs of fire (Zot:5)
  2 Killer Klowns (Zot:5)
  An electric golem (Zot:5)
  6 Orb Guardians (Zot:5)
  A storm dragon (Zot:5)
  A draconian scorcher (Zot:5)
  A ghost moth (Zot:5)
  A red draconian (Zot:5)
  A yellow draconian (Zot:5)
  An orc knight (Orc:2)
  An orc sorcerer (Orc:2)
  A moth of wrath (Zot:5)
  A cyclops (Orc:2)
  A komodo dragon (Lair:4)
  A polar bear (Lair:4)
  4 orc warriors (Orc:2)
  2 orc priests (Orc:2)
  An orc wizard (Orc:2)
  2 orcs (Orc:2)
31 creatures vanquished.

Vanquished Creatures (others)
  An orb of fire (Zot:5)
  A Killer Klown (Zot:5)
  10 Orb Guardians (Zot:5)
  A draconian knight (Zot:2)
  2 draconian shifters (Zot:5)
  A draconian stormcaller (Zot:5)
  An ironbound preserver (Vaults:5)
  A white draconian (Zot:5)
  A purple draconian (Zot:5)
  A merfolk aquamancer (Shoals:1)
  A wizard (Vaults:2)
  A harpy (Shoals:4)
  A deep elf pyromancer (Elf:2)
  A steelbarb worm (Spider:4)
  A wind drake (Shoals:4)
  A golden eye (Slime:5)
  8 fungi
  72 plants
  10 tentacles
116 creatures vanquished.

Grand Total: 2165 creatures vanquished

Notes
Turn   | Place    | Note
-------+----------+-------------------------------------------
     0 | D:1      | Iich the Hill Orc Fighter began the quest for the Orb.
     0 | D:1      | Reached XP level 1. HP: 19/19 MP: 1/1
    40 | D:1      | Reached XP level 2. HP: 18/27 MP: 2/2
   419 | D:1      | Reached XP level 3. HP: 28/33 MP: 3/3
  1009 | D:2      | Reached XP level 4. HP: 12/41 MP: 4/4
  1010 | D:2      | Reached skill level 5 in Axes
  1622 | D:3      | Noticed Ijyb
  1639 | D:3      | Killed Ijyb
  1640 | D:3      | Reached XP level 5. HP: 45/47 MP: 5/5
  1691 | D:3      | Reached skill level 5 in Fighting
  2216 | D:4      | Reached XP level 6. HP: 53/56 MP: 6/6
  2240 | D:4      | Found an iron altar of Okawaru.
  2975 | D:5      | Entered Level 5 of the Dungeon
  3014 | D:5      | Found the +9 scales of the Dragon King {rPois rF+ rC+
                  | Will+}
  3336 | D:5      | Found a basalt altar of Yredelemnul.
  3344 | D:5      | Reached XP level 7. HP: 52/63 MP: 7/7
  3411 | D:5      | Found a bloodstained altar of Trog.
  4043 | D:6      | Reached XP level 8. HP: 68/71 MP: 8/8
  4302 | D:6      | Reached skill level 5 in Armour
  4311 | D:6      | Reached skill level 10 in Axes
  4384 | D:6      | Found a staircase to the Ecumenical Temple.
  4426 | Temple   | Entered the Ecumenical Temple
  4455 | Temple   | Became a worshipper of Gozag Ym Sagoz the Greedy
  5026 | D:7      | Reached XP level 9. HP: 62/81 MP: 9/9
  5374 | D:7      | Found a sacrificial altar of Ru.
  5895 | D:8      | Noticed a hornet
  5909 | D:8      | Killed a hornet
  6352 | D:9      | Found a runed translucent gate.
  6369 | D:9      | Noticed a two-headed ogre
  6388 | D:9      | Killed a two-headed ogre
  6420 | D:9      | Reached XP level 10. HP: 51/91 MP: 10/10
  6436 | D:9      | Found a runed translucent gate.
  6438 | D:9      | Found a runed translucent gate.
  6819 | D:9      | Found a roughly hewn altar of Beogh.
  6956 | D:9      | Found a staircase to the Lair.
  6987 | D:9      | Noticed pigah's ghost (novice OpWn)
  6987 | D:9      | Noticed mandoloar's ghost (journeyman GrEE)
  7114 | D:9      | Noticed a two-headed ogre
  7124 | D:9      | Killed a two-headed ogre
  7186 | D:9      | Reached skill level 10 in Fighting
  7352 | D:10     | Entered Level 10 of the Dungeon
  7352 | D:10     | Noticed a two-headed ogre
  7361 | D:10     | Killed a two-headed ogre
  7632 | D:10     | Noticed a gargoyle
  7642 | D:10     | Killed a gargoyle
  7643 | D:10     | Reached skill level 15 in Axes
  8056 | D:10     | Reached XP level 11. HP: 101/101 MP: 11/11
  8091 | D:10     | Found Siqum's General Store.
  8122 | D:10     | Bought a wand of mindburst (6) for 100 gold pieces
  8258 | D:10     | Found the +5 scythe "Finisher" {speed, eviscerate}
  8265 | D:10     | Noticed a skeletal warrior
  8289 | D:10     | Killed a skeletal warrior
  8544 | Lair:1   | Entered Level 1 of the Lair of Beasts
  8794 | Lair:1   | Noticed Maggie
  8811 | Lair:1   | Killed Maggie
  8954 | Lair:1   | Noticed a seven-headed hydra
  8976 | Lair:1   | Killed a 20-headed hydra
  9430 | Lair:2   | Reached skill level 10 in Armour
 10026 | Lair:2   | Reached XP level 12. HP: 110/112 MP: 12/12
 10086 | Lair:2   | Found a staircase to the Shoals.
 12204 | Lair:3   | Found a hole to the Spider Nest.
 12586 | Lair:3   | Noticed a boulder beetle
 12595 | Lair:3   | Killed a boulder beetle
 12931 | Lair:4   | Noticed an eight-headed hydra
 12935 | Lair:4   | Noticed Xodoc's ghost (journeyman DsFE)
 12996 | Lair:4   | Found a transporter.
 12999 | Lair:4   | Found a transporter.
 13131 | Lair:4   | Noticed a death yak
 13131 | Lair:4   | Noticed a death yak
 13132 | Lair:4   | Noticed a death yak
 13145 | Lair:4   | Killed a death yak
 13156 | Lair:4   | Killed a death yak
 13156 | Lair:4   | Killed a death yak
 13157 | Lair:4   | Reached XP level 13. HP: 96/122 MP: 10/13
 13504 | Lair:4   | Noticed Nessos
 13523 | Lair:4   | Killed Nessos
 13993 | Lair:5   | Entered Level 5 of the Lair of Beasts
 13997 | Lair:5   | Noticed Urug
 14015 | Lair:5   | Killed Urug
 14844 | Lair:5   | Found a viscous altar of Jiyva.
 14844 | Lair:5   | Found a staircase to the Slime Pits.
 15006 | Lair:5   | Identified the +0 kite shield "Fanux" {Drain rElec rPois}
 15158 | Lair:5   | Reached XP level 14. HP: 93/133 MP: 14/14
 15602 | Lair:5   | Reached skill level 15 in Fighting
 15677 | Lair:5   | Found a corrupted altar of Lugonu.
 15677 | Lair:5   | Found a one-way gate to the infinite horrors of the Abyss.
 16847 | D:11     | Noticed Josephine
 16856 | D:11     | Killed Josephine
 17612 | D:12     | Found a staircase to the Orcish Mines.
 18849 | D:13     | Found a frozen archway.
 18860 | IceCv    | Entered an ice cave
 19322 | IceCv    | Identified the +2 leather armour "Veumesuz" {+Blink rElec
                  | rPois Will-}
 19494 | IceCv    | Noticed a reaper
 19511 | IceCv    | Reached XP level 15. HP: 91/144 MP: 8/15
 19852 | IceCv    | Identified the +6 short sword "Riotutt" {heavy, Will+
                  | Str+3}
 21433 | D:14     | Found a portal to a secret trove of treasure.
 21565 | D:14     | Upgraded the game from 0.30-a0-808-g6e0788376e to
                  | 0.30-a0-823-geb93a13fce
 21739 | D:14     | Reached skill level 15 in Armour
 22034 | D:14     | Found a gate to the Vaults.
 22392 | D:15     | Entered Level 15 of the Dungeon
 22558 | D:15     | Upgraded the game from 0.30-a0-823-geb93a13fce to
                  | 0.30-a0-824-g6c64550be9
 22663 | D:15     | Reached XP level 16. HP: 155/155 MP: 16/16
 22724 | D:15     | Found a staircase to the Depths.
 22955 | D:15     | Identified the +5 scale mail "Cetham" {rC+ Int-3 Slay+6
                  | Stlth+}
 23236 | Orc:1    | Entered Level 1 of the Orcish Mines
 23236 | Orc:1    | Found a roughly hewn altar of Beogh.
 23558 | Orc:2    | Entered Level 2 of the Orcish Mines
 23615 | Orc:2    | Found a roughly hewn altar of Beogh.
 23634 | Orc:2    | Found Juemy's General Store.
 23654 | Orc:2    | Found Tusiz's Antique Weapon Shop.
 23745 | Orc:2    | Found Efeat's Book Boutique.
 23790 | Orc:2    | Bought a manual of Dodging for 880 gold pieces
 23793 | Orc:2    | Found Yziom's Antique Weapon Boutique.
 23854 | Orc:2    | Found a staircase to the Elven Halls.
 23972 | Orc:2    | Bought the +4 consecrated labrys {holy, Valiant Fragile Fly
                  | SInv} for 663 gold pieces
 23972 | Orc:2    | Found the +4 consecrated labrys {holy, Valiant Fragile Fly
                  | SInv}
 23983 | Orc:2    | Found Vomi's General Store.
 24004 | Orc:2    | Found Maocsudi's Distillery.
 24024 | Orc:2    | Bought a scroll of acquirement for 624 gold pieces
 24032 | Orc:2    | Bought a potion of heal wounds for 85 gold pieces
 24032 | Orc:2    | Bought a potion of heal wounds for 85 gold pieces
 24185 | Orc:2    | Found a shimmering blue altar of Sif Muna.
 24297 | Orc:2    | Found Moefurr's Weapon Shop.
 24415 | Orc:2    | Found Heok's Antique Armour Shop.
 24437 | Orc:2    | Bought a +1 pair of boots of flying for 181 gold pieces
 24568 | Orc:2    | Got Sif Muna's Vellum of Displacement
 24609 | Orc:2    | Found Vycvar's Book Shop.
 25063 | Spider:1 | Entered Level 1 of the Spider Nest
 25683 | Lair:4   | Killed Xodoc's ghost
 25712 | Lair:4   | Acquired 517 gold pieces
 26647 | Spider:2 | Reached XP level 17. HP: 166/166 MP: 15/17
 27134 | Spider:2 | Reached skill level 27 in Axes
 27575 | Spider:3 | Found the +8 orange crystal plate armour {Archmagi, Int+3
                  | Clar}
 27831 | Spider:3 | Gained mutation: Your spells are a little easier to cast,
                  | but a little less powerful. [mutagenic glow]
 28836 | Shoals:1 | Entered Level 1 of the Shoals
 28847 | Shoals:1 | Reached skill level 1 in Dodging
 28960 | Shoals:1 | Noticed Donald
 28974 | Shoals:1 | Killed Donald
 29307 | Shoals:1 | Noticed a kraken
 29317 | Shoals:1 | Killed a kraken
 29866 | Shoals:2 | Noticed Polyphemus
 29912 | Shoals:2 | Killed Polyphemus
 29913 | Shoals:2 | Reached skill level 5 in Shields
 30109 | Shoals:2 | Noticed a kraken
 30120 | Shoals:2 | Killed a kraken
 30121 | Shoals:2 | Reached XP level 18. HP: 159/178 MP: 10/18
 30496 | Shoals:2 | Acquired 558 gold pieces
 31137 | Orc:2    | Bought an amulet of reflection for 360 gold pieces
 31589 | Shoals:3 | Reached skill level 5 in Dodging
 31814 | Shoals:3 | Acquired a manual of Shields
 32341 | Spider:4 | Entered Level 4 of the Spider Nest
 33289 | Spider:4 | Identified the +3 hat of the Moon {rC+ Int+5 Stlth+}
 33720 | Spider:4 | Got a gossamer rune of Zot
 33946 | Shoals:4 | Entered Level 4 of the Shoals
 33954 | Shoals:4 | Reached XP level 19. HP: 185/190 MP: 19/19
 34138 | Shoals:4 | Found a stormy altar of Qazlal.
 34162 | Shoals:4 | Paralysed by an air elemental for 1 turns
 34810 | Shoals:4 | Paralysed by an air elemental for 1 turns
 34866 | Shoals:4 | Reached skill level 10 in Shields
 34887 | Shoals:4 | Paralysed by an air elemental for 1 turns
 35182 | Shoals:4 | Identified the +1 scale mail "Gepnelo" {rElec rPois rCorr
                  | Str+4}
 35216 | Shoals:4 | Identified the +2 war axe of the Poles {drain, rC+ Int+2}
 35222 | Shoals:4 | Got a barnacled rune of Zot
 35228 | Shoals:4 | Identified the +8 glaive of Harmony {drain, Dex+2}
 35238 | Shoals:4 | Identified the +5 shortbow of Flawed Execution {drain,
                  | rPois rC- Dex+7}
 35494 | Shoals:4 | Paralysed by an air elemental for 1 turns
 35508 | Shoals:4 | Paralysed by an air elemental for 1 turns
 35512 | Shoals:4 | Paralysed by an air elemental for 1 turns
 35921 | Vaults:1 | Entered Level 1 of the Vaults
 36788 | Vaults:1 | Reached XP level 20. HP: 202/202 MP: 20/20
 36793 | Vaults:1 | Reached skill level 10 in Dodging
 37350 | Vaults:2 | Found Gyoriadgh's General Store.
 37420 | Vaults:2 | Bought a potion of mutation for 144 gold pieces
 37724 | Vaults:2 | Got the Opusculum on the Sinister Tropics
 37760 | Vaults:2 | Found Biheefuc's Weapon Boutique.
 37923 | Vaults:2 | Found Hinaw's Magic Scroll Shoppe.
 37931 | Vaults:2 | Bought a scroll of teleportation for 39 gold pieces
 37931 | Vaults:2 | Bought a scroll of teleportation for 39 gold pieces
 37931 | Vaults:2 | Bought a scroll of enchant armour for 97 gold pieces
 37931 | Vaults:2 | Bought a scroll of teleportation for 39 gold pieces
 37931 | Vaults:2 | Bought a scroll of teleportation for 39 gold pieces
 37983 | Vaults:2 | Bought a scroll of teleportation for 39 gold pieces
 37983 | Vaults:2 | Bought a scroll of teleportation for 39 gold pieces
 37983 | Vaults:2 | Bought a scroll of teleportation for 39 gold pieces
 38102 | D:14     | You paid a toll of 17 scrolls of teleportation to enter a
                  | treasure trove
 38103 | Trove    | Entered a treasure trove
 38107 | Trove    | Identified the ring of Noownuiz {rCorr Int+6 Dex+2}
 38143 | Trove    | Identified the amulet "Cadim" {Regen+ Str+2}
 38164 | Trove    | Found the +9 sword of Power {lifebolt}
 38167 | Trove    | Identified the amulet of Moodiness {Harm rN+ Regen+ Stlth+}
 38169 | Trove    | Identified the +1 pair of boots of Gifudiher {-Tele Fly
                  | Str+5}
 38453 | Vaults:2 | You are sucked into a shaft and drop 1 floor!
 39459 | Vaults:3 | Found a staircase to the Crypt.
 39774 | Vaults:2 | Identified the +2 robe of Mutualism {Regen+}
 39879 | Vaults:2 | Identified the +7 war axe of the Warrior {freeze, Str+2
                  | Dex+3}
 40634 | Vaults:4 | Reached XP level 21. HP: 215/215 MP: 21/21
 40974 | Vaults:4 | Noticed Saint Roka
 41000 | Vaults:4 | Killed Saint Roka
 41001 | Vaults:4 | Reached skill level 15 in Shields
 41727 | Elf:1    | Entered Level 1 of the Elven Halls
 42194 | Elf:1    | Got Ciki's Guidebook on the Gang
 42877 | Elf:2    | Found a runed translucent gate.
 42877 | Elf:2    | Found a runed translucent gate.
 42884 | Elf:2    | Found a runed translucent gate.
 43813 | Depths:1 | Entered Level 1 of the Depths
 43843 | Depths:1 | Found Enkiok's Weapon Shoppe.
 43918 | Depths:1 | Found a radiant altar of Vehumet.
 44065 | Depths:1 | Found a gateway to Hell.
 44210 | Depths:1 | Found a one-way gate leading to the halls of Pandemonium.
 44244 | Depths:1 | Found an ornate altar of the Wu Jian Council.
 44828 | Depths:2 | Reached XP level 22. HP: 228/228 MP: 22/22
 45304 | Depths:2 | Found a one-way gateway to a ziggurat.
 45795 | Depths:3 | Noticed a golden dragon
 45827 | Depths:3 | Killed a golden dragon
 46135 | Depths:3 | Found a sparkling altar of Nemelex Xobeh.
 46303 | Depths:3 | Found Lotafoot's Luxury Loot.
 46309 | Depths:3 | Bought a lightning rod (4/4) for 420 gold pieces
 46606 | Depths:3 | Identified the +1 war axe of the Viper {heavy, rF+ rCorr
                  | Dex-2}
 46743 | Depths:3 | You are sucked into a shaft and drop 1 floor!
 46743 | Depths:4 | Entered Level 4 of the Depths
 46743 | Depths:4 | Found a shadowy altar of Dithmenos.
 46753 | Depths:4 | Noticed Boris
 46770 | Depths:4 | Killed Boris
 46853 | Depths:4 | Noticed a golden dragon
 46877 | Depths:4 | Killed a golden dragon
 47122 | Depths:4 | Noticed a golden dragon
 47131 | Depths:4 | Killed a golden dragon
 47232 | Depths:4 | Found a gate to the Realm of Zot.
 47558 | Depths:4 | Noticed Grunn
 47583 | Depths:4 | Reached XP level 23. HP: 57/216 MP: 23/23
 47601 | Depths:4 | Reached skill level 27 in Fighting
 47613 | Depths:4 | Reached skill level 15 in Dodging
 47621 | Depths:4 | Killed Grunn
 48318 | Vaults:5 | Entered Level 5 of the Vaults
 48477 | Vaults:5 | Noticed a dread lich
 48519 | Vaults:5 | Killed a dread lich
 49023 | Vaults:5 | Noticed a golden dragon
 49041 | Vaults:5 | Killed a golden dragon
 49096 | Vaults:5 | Noticed a golden dragon
 49103 | Vaults:5 | Killed a golden dragon
 49296 | Vaults:5 | Noticed a golden dragon
 49322 | Vaults:5 | Killed a golden dragon
 49407 | Vaults:5 | Found the +3 salamander hide armour {Flames, rFlCloud rF++
                  | rC--}
 49421 | Vaults:5 | Identified the +13 plate armour of Wony {Harm rF+ Will+
                  | Int-5}
 49425 | Vaults:5 | Got the Book of the Thirsty Lives
 49429 | Vaults:5 | Identified the +4 trident "Killer Bee's Curse" {drain,
                  | Int+3}
 49507 | Vaults:5 | Identified the +8 arbalest of Busuajox {elec, rElec rN+
                  | Will+ MP-9}
 49573 | Vaults:5 | Identified the +2 long sword "Entaj" {freeze, Str-4 Dex+6}
 49855 | Vaults:5 | Reached XP level 24. HP: 243/249 MP: 23/23
 49916 | Vaults:5 | Got a silver rune of Zot
 50060 | Vaults:5 | Identified the +8 battleaxe "Kiewnor" {heavy, Dex+6}
 50344 | Vaults:5 | Got the Grimoire of the Exiled Places
 51034 | Zot:1    | Entered Level 1 of the Realm of Zot
 52685 | Zot:2    | You are sucked into a shaft and drop 1 floor!
 52697 | Zot:3    | Noticed a curse toe
 52708 | Zot:3    | Noticed a curse toe
 52713 | Zot:3    | Killed a curse toe
 53332 | Zot:3    | Identified the +11 flail of the Disbelieving Asp {heavy,
                  | rPois rF+ rC+}
 53383 | Zot:3    | Killed a curse toe
 54704 | Zot:2    | Reached XP level 25. HP: 221/257 MP: 23/23
 54834 | Zot:2    | Acquired the +1 tower shield "Timoh" {*Corrode rF+ Int+7}
 55217 | Zot:4    | Noticed a Killer Klown
 55249 | Zot:4    | Killed a Killer Klown
 55383 | Zot:4    | Noticed an orb of fire
 55757 | Zot:4    | Gained mutation: Your spells are easier to cast, but less
                  | powerful. [an orb of fire]
 55767 | Zot:4    | Gained mutation: Your body sometimes deteriorates upon
                  | taking damage. [an orb of fire]
 55768 | Zot:4    | Gained mutation: You are dopey. (Int -2) [an orb of fire]
 55773 | Zot:4    | Killed an orb of fire
 55865 | Zot:3    | Lost mutation: You are dopey. (Int -2) [potion of mutation]
 55865 | Zot:3    | Lost mutation: Your body sometimes deteriorates upon taking
                  | damage. [potion of mutation]
 55865 | Zot:3    | Gained mutation: You occasionally shout uncontrollably at
                  | your foes. [potion of mutation]
 55866 | Zot:3    | Lost mutation: You occasionally shout uncontrollably at
                  | your foes. [potion of mutation]
 55866 | Zot:3    | Lost mutation: Your spells are easier to cast, but less
                  | powerful. [potion of mutation]
 55866 | Zot:3    | Gained mutation: You are vulnerable to cold. (rC-) [potion
                  | of mutation]
 55867 | Zot:3    | Lost mutation: Your spells are a little easier to cast, but
                  | a little less powerful. [potion of mutation]
 55867 | Zot:3    | Lost mutation: You are vulnerable to cold. (rC-) [potion of
                  | mutation]
 55867 | Zot:3    | Gained mutation: You possess an exceptional clarity of
                  | mind. [potion of mutation]
 55867 | Zot:3    | Gained mutation: You have hidden genetic defects. [potion
                  | of mutation]
 55867 | Zot:3    | Gained mutation: You have a pair of small horns on your
                  | head. [potion of mutation]
 55868 | Zot:3    | Lost mutation: You possess an exceptional clarity of mind.
                  | [potion of mutation]
 55868 | Zot:3    | Lost mutation: You have a pair of small horns on your head.
                  | [potion of mutation]
 55868 | Zot:3    | Gained mutation: You have sharp toenails. [potion of
                  | mutation]
 55868 | Zot:3    | Gained mutation: Your system is resistant to poisons.
                  | (rPois) [potion of mutation]
 55868 | Zot:3    | Gained mutation: You are strong-willed. (Will+) [potion of
                  | mutation]
 55868 | Zot:3    | Lost mutation: You have hidden genetic defects. [potion of
                  | mutation]
 57382 | Zot:5    | Entered Level 5 of the Realm of Zot
 57979 | Zot:5    | Noticed a Killer Klown
 58047 | Zot:5    | Noticed an orb of fire
 58047 | Zot:5    | Noticed an orb of fire
 58047 | Zot:5    | Lost mutation: You are strong-willed. (Will+) [an orb of
                  | fire]
 58050 | Zot:5    | Noticed an orb of fire
 58056 | Zot:5    | Noticed a Killer Klown
 58061 | Zot:5    | Noticed an orb of fire
 58066 | Zot:5    | Gained mutation: You occasionally shout uncontrollably at
                  | your foes. [an orb of fire]
 58068 | Zot:5    | Gained mutation: You occasionally lose the ability to read
                  | scrolls when taking damage. [an orb of fire]
 58069 | Zot:5    | Gained mutation: You are occasionally teleported next to
                  | monsters. [an orb of fire]
 58070 | Zot:5    | Killed an orb of fire
 58074 | Zot:5    | Gained mutation: You frequently scream uncontrollably at
                  | your foes. [an orb of fire]
 58077 | Zot:5    | Killed an orb of fire
 58080 | Zot:5    | Killed a Killer Klown
 58087 | Zot:5    | Gained mutation: Your magical capacity is low. (-10% MP)
                  | [an orb of fire]
 58093 | Zot:5    | Killed an orb of fire
 58125 | Zot:5    | Noticed a dread lich
 58371 | Zot:5    | Noticed an orb of fire
 58371 | Zot:5    | Noticed an orb of fire
 58382 | Zot:5    | Gained mutation: You sometimes lose your temper in combat.
                  | [an orb of fire]
 58387 | Zot:5    | Noticed a Killer Klown
 58387 | Zot:5    | Gained mutation: You are frail. (-10% HP) [an orb of fire]
 58388 | Zot:5    | Gained mutation: You occasionally lose the ability to drink
                  | potions when taking damage. [an orb of fire]
 58390 | Zot:5    | Gained mutation: You sometimes lose the ability to read
                  | scrolls when taking damage. [an orb of fire]
 58390 | Zot:5    | Gained mutation: Your spells are a little easier to cast,
                  | but a little less powerful. [an orb of fire]
 58392 | Zot:5    | Killed an orb of fire
 58397 | Zot:5    | Killed an orb of fire
 58398 | Zot:5    | Killed a dread lich
 58399 | Zot:5    | Reached XP level 26. HP: 239/239 MP: 20/20
 58406 | Zot:5    | Killed a Killer Klown
 58416 | Zot:5    | Noticed a Killer Klown
 58429 | Zot:5    | Killed a Killer Klown
 59148 | Zot:2    | Lost mutation: You frequently scream uncontrollably at your
                  | foes. [potion of mutation]
 59148 | Zot:2    | Lost mutation: You are frail. (-10% HP) [potion of
                  | mutation]
 59148 | Zot:2    | Gained mutation: Your body sometimes deteriorates upon
                  | taking damage. [potion of mutation]
 59148 | Zot:2    | Lost mutation: You sometimes lose your temper in combat.
                  | [potion of mutation]
 59149 | Zot:2    | Lost mutation: You are occasionally teleported next to
                  | monsters. [potion of mutation]
 59149 | Zot:2    | Lost mutation: You occasionally shout uncontrollably at
                  | your foes. [potion of mutation]
 59149 | Zot:2    | Lost mutation: Your magical capacity is low. (-10% MP)
                  | [potion of mutation]
 59149 | Zot:2    | Gained mutation: You are clumsy. (Dex -2) [potion of
                  | mutation]
 59149 | Zot:2    | Gained mutation: You are strong-willed. (Will+) [potion of
                  | mutation]
 59150 | Zot:2    | Lost mutation: You are strong-willed. (Will+) [potion of
                  | mutation]
 59150 | Zot:2    | Lost mutation: You are clumsy. (Dex -2) [potion of
                  | mutation]
 59150 | Zot:2    | Lost mutation: You sometimes lose the ability to read
                  | scrolls when taking damage. [potion of mutation]
 59150 | Zot:2    | Gained mutation: Armour fits poorly on your strangely
                  | shaped body. [potion of mutation]
 59150 | Zot:2    | Gained mutation: You have a pair of small horns on your
                  | head. [potion of mutation]
 59151 | Zot:2    | Lost mutation: Armour fits poorly on your strangely shaped
                  | body. [potion of mutation]
 59151 | Zot:2    | Lost mutation: You occasionally lose the ability to drink
                  | potions when taking damage. [potion of mutation]
 59151 | Zot:2    | Lost mutation: Your body sometimes deteriorates upon taking
                  | damage. [potion of mutation]
 59151 | Zot:2    | Lost mutation: You occasionally lose the ability to read
                  | scrolls when taking damage. [potion of mutation]
 59151 | Zot:2    | Gained mutation: You have a pair of horns on your head.
                  | [potion of mutation]
 59151 | Zot:2    | Gained mutation: You possess an exceptional clarity of
                  | mind. [potion of mutation]
 59773 | Slime:1  | Entered Level 1 of the Pits of Slime
 59783 | Slime:2  | Noticed Dissolution
 59993 | Slime:1  | Gained mutation: Potions are less effective at restoring
                  | your health. [a shining eye]
 59995 | Slime:1  | Paralysed by a floating eye for 4 turns
 59998 | Slime:1  | Gained mutation: You occasionally lose the ability to read
                  | scrolls when taking damage. [a shining eye]
 60004 | Slime:1  | Paralysed by a floating eye for 2 turns
 60183 | Slime:1  | Killed Dissolution
 60432 | Slime:5  | Entered Level 5 of the Pits of Slime
 60459 | Slime:5  | Noticed the Royal Jelly
 60532 | Slime:5  | HP: 10/399 [rockslime[the Royal Jelly] (27)]
 60532 | Slime:5  | HP: 1/399 [rockslime[the Royal Jelly] (9)]
 60532 | Slime:5  | Annihilated by an acid blob

Illustrated notes

Levels and vault maps discovered:
D:1:      mushboom_english_gardens, layout_basic, minmay_tree_intersection,
          moated_statue
D:2:      layout_rooms
D:3:      layout_basic, uniq_ijyb
D:4:      layout_basic, okawaru_trees_1, minmay_liquid_box,
          minmay_misc_feat_columns
D:5:      layout_cave_pods, mainiacjoe_overflow_two_lobes,
          amcnicky_mini_pool_small, bh_walls_and_bars
D:6:      layout_basic, minmay_temple_entry_glass, nicolae_nh_ransacked_shop
D:7:      layout_rooms, nicolae_ru_great_annihilating_truth
D:8:      layout_loops_ring, serial_rivers, chequers_serial_rivers_large_b,
          chequers_serial_rivers_marsh, chequers_serial_rivers_micro_e,
          chequers_serial_rivers_small_3, chequers_serial_rivers_large_a
D:9:      layout_long_grid, lair_entry_dummy, gammafunk_ghost_cemetery,
          special_room [special_room_orc]
D:10:     layout_stronghold, serial_shops, shop, minmay_guarded_unrand_finisher
D:11:     layout_loops_ring, uniq_josephine
D:12:     layout_irregular_city, orc_0_dummy, hangedman_corner_corridor
D:13:     layout_rooms, portal_ice_cave_entry_pillars_1, chequers_big_river
D:14:     layout_cave_pods, skrybe_vaults_entry_preservation,
          hangedman_abyss_or_decor_passed, nicolae_trove_entry_crossroad,
          minivault_28
D:15:     grunt_enter_depths_snipers, layout_rooms
Temple:   regret_index_temple_mists
Lair:1:   layout_long_grid, minivault_27, serial_bayou_pond_a,
          serial_bayou_pond_c, uniq_maggie
Lair:2:   layout_hall_layers, minmay_shoals_entry_lonely_mermaid,
          pdpol_lair_cavern_descent, grunt_megastairs_2
Lair:3:   layout_loops_ring, nicolae_spider_entry_tight_spaces
Lair:4:   layout_layer_cave, gammafunk_ghost_arena, forest_entry_grove,
          uniq_nessos
Lair:5:   hellmonk_lair_end_abyssal_woods, layout_gridlike, slime_entry_1,
          uniq_urug
Shoals:1: layout_shoals, nicolae_shoals_aquamancer_cove, uniq_donald
Shoals:2: layout_shoals, kb_tengu_band, uniq_polyphemus
Shoals:3: layout_shoals
Shoals:4: shoals_end_hellmonk_storm_palace [storm_palace_center_circular,
          storm_palace_corner_narrow, storm_palace_corner_grid,
          storm_palace_corner_narrow, storm_palace_corner_altar]
Spider:1: layout_spider_delve
Spider:2: layout_spider_delve, worms_lemuel
Spider:3: layout_spider_delve, hellmonk_test_site,
          hangedman_spider_tarantella_strand
Spider:4: guppyfry_spider_rune
Slime:1:  layout_caves, nicolae_slime_getting_an_eyeful
Slime:2:  layout_caves, dissolution_awaits
Slime:3:  layout_caves
Slime:4:  layout_caves
Slime:5
Orc:1:    layout_caves, abandoned_shop, mines2_david
Orc:2:    grunt_orc_cross, layout_caves, serial_shops, shop,
          nicolae_shop_advertising_works [nicolae_subvault_shop_adworks],
          nicolae_shop_bloodbath_and_beyond, shop, nicolae_shop_stone,
          led_sif_book
Elf:1:    nicolae_elf_arrival_no_cutting_in_line, layout_loops_corners,
          minmay_elf_demonology
Elf:2:    nicolae_elf_blades_splatter_lattice
          [nicolae_vaults_blade_armed_guards], layout_gridlike,
          gammafunk_ghost_grave
Vaults:1: v_misc_27, v_misc_13, hangedman_vaults_corner,
          nicolae_vaults_c_with_doors, vaults_room_fancy_cross,
          ontoclasm_vaults_twist, nicolae_vaults_angled_halls,
          grunt_vaults_swirl, nicolae_vaults_little_squares_1,
          hangedman_vaults_trim, nicolae_vaults_asterisk, layout_vaults_big_room
Vaults:2: nicolae_vaults_mini_display_case, ontoclasm_vaults_tryst,
          vaults_mumra_bighexcomb, nicolae_vaults_little_squares_4,
          nicolae_vaults_little_squares_4, dpeg_vaults_monster_box,
          hangedman_vaults_pinch, nicolae_vaults_little_ls, v_misc_23,
          hangedman_vaults_variations, nicolae_vaults_rhombus_6,
          vaults_room_door_hall, layout_vaults_omnicross, serial_shops, shop,
          nicolae_shop_statue_plus, nicolae_square_shop
Vaults:3: ontoclasm_vaults_spin, v_misc_29, v_misc_30, v_misc_3, v_misc_25,
          ontoclasm_vaults_ring_small, nicolae_vaults_asterisk,
          ontoclasm_vaults_pinch, nicolae_vaults_little_squares_3,
          blue_anna_dwarven_crypt, nicolae_vaults_rhombus_6,
          layout_vaults_omnigrid
Vaults:4: nicolae_vaults_big_angled_halls, v_misc_14,
          nicolae_vaults_specimen_jars, v_misc_19, v_rooms_6,
          nicolae_vaults_lopsided_apartments, nicolae_vaults_bisected_slash,
          v_pattern_3, nicolae_vaults_theta, nicolae_vaults_rhombus_7,
          vaults_room_corners, layout_vaults_omnibox, uniq_saint_roka,
          uniq_margery
Vaults:5
Depths:1: layout_basic, abyss_entry, nicolae_wu_jian_wuxing_cycle, serial_shops,
          nicolae_diamond_shop, pan_entry, hell_entry, nicolae_vehumet_radiance
Depths:2: kennysheep_room_grid, layout_gridlike, enter_ziggurat_f,
          rand_demon_pan_entry_1, minivault_14, grunt_hell_entry_dis_grunt
Depths:3: kennysheep_water_balloons, layout_gridville,
          hangedman_abyss_entry_splay, hellmouth_2, nemelex_spade_bored_becter,
          nicolae_alphabet_shops, chequers_serial_rivers_micro_b
Depths:4: evilmike_zot_entry_round, layout_twisted_cross,
          nicolae_dithmenos_through_a_glass_darkly, hell_entry,
          serial_bayou_shore_b, uniq_grunn, uniq_boris
Zot:1:    layout_gridlike
Zot:2:    layout_gridlike
Zot:3:    layout_basic, grunt_megastairs_5
Zot:4:    layout_basic
Zot:5:    layout_cellular_growth, st_stairs_3

Skill      XL: |  1  2  3  4  5  6  7  8  9 10 11 12 13 14 15 16 17 18 19 20 21 22 23 24 25 26 |
---------------+-------------------------------------------------------------------------------+-----
Axes           | 3 4 5 6 8 9 11 13 15 17 19 21 23 24 26 27 | 27.0
Fighting       | 4 5 6 7 9 10 12 13 14 16 17 18 20 21 22 24 25 26 27 | 27.0
Armour         | 4 5 7 8 10 11 13 14 15 16 17 18 19 20 21 22 23 25 | 25.6
Dodging        | 4 7 9 11 13 14 16 17 18 19 | 19.0
Shields        | 5 9 12 14 16 17 20 22 23 24 | 24.5

Action                     |  1- 3 |  4- 6 |  7- 9 | 10-12 | 13-15 | 16-18 | 19-21 | 22-24 | 25-27 || total
---------------------------+-------+-------+-------+-------+-------+-------+-------+-------+-------++-------
  Melee: War axe           |    88 |   170 |   237 |   611 |   835 |       |       |       |       ||  1941
         Broad axe         |       |       |       |       |   255 |  1434 |  1647 |  1810 |   738 ||  5884
         Headbutt          |       |       |       |       |       |       |       |       |    81 ||    81
  Throw: Throwing net      |       |       |       |       |       |       |     1 |       |       ||     1
 Invoke: Potion Petition   |       |       |       |     1 |     3 |     4 |       |    15 |     4 ||    27
         Call Merchant     |       |       |       |       |     2 |       |     1 |       |       ||     3
         Bribe Branch      |       |       |       |       |       |       |       |       |     2 ||     2
  Evoke: Wand              |       |       |     1 |       |     4 |     6 |       |     3 |       ||    14
         Box of beasts     |       |       |       |       |     1 |     1 |       |     1 |     2 ||     5
         Lightning rod     |       |       |       |       |       |       |       |     4 |     2 ||     6
         Phantom mirror    |       |       |       |       |       |       |       |     1 |     2 ||     3
         Condenser vane    |       |       |       |       |       |       |       |       |     2 ||     2
    Use: Scroll            |       |     4 |     8 |     7 |    17 |     7 |       |     8 |     8 ||    59
         Potion            |       |     2 |     5 |     1 |     2 |     2 |       |     3 |    10 ||    25
   Stab: Invisible         |       |       |     3 |       |     2 |       |       |     6 |       ||    11
         Paralysed         |       |       |     1 |       |       |       |       |       |       ||     1
         Distracted        |       |       |       |     1 |     7 |    13 |    20 |    12 |    16 ||    69
         Petrifying        |       |       |       |       |       |     1 |       |       |       ||     1
         Petrified         |       |       |       |       |       |     1 |       |       |       ||     1
         Confused          |       |       |       |       |       |       |       |     1 |     5 ||     6
 Armour: Scale mail        |    32 |    55 |       |       |       |       |       |       |       ||    87
         Gold dragon scale |       |    16 |   165 |   334 |   934 |  1542 |   788 |   641 |   445 ||  4865
         Chain mail        |       |     6 |       |       |       |       |       |       |       ||     6
         Skin              |       |       |       |     6 |       |       |       |       |       ||     6
         Plate armour      |       |       |       |       |       |       |       |   367 |       ||   367
  Dodge: Dodged            |    45 |   116 |    87 |   187 |   432 |   793 |   585 |   868 |   410 ||  3523
  Block: Buckler           |    20 |    49 |    63 |    75 |       |       |       |       |       ||   207
         Kite shield       |       |       |       |    53 |   536 |  1016 |  1232 |  1631 |   577 ||  5045
         Reflection        |       |       |       |       |       |    16 |    46 |    22 |       ||    84

Table legend: (Time is in decaauts)
 A = Elapsed time spent in this place.
 B = Non-inter-level travel time spent in this place.
 C = Inter-level travel time spent in this place.
 D = Time resting spent in this place.
 E = Time spent auto-exploring this place.
 F = Levels seen in this place.
 G = Mean time per level.
                   A        B        C        D        E       F      G
               +--------+--------+--------+--------+--------+-----+--------+
         Total |  59461 |  53598 |   5863 |   3244 |  37787 |  54 | 1101.1 |
       Dungeon |  15398 |  13083 |   2315 |    158 |  10465 |  15 | 1026.5 |
        Temple |     77 |     77 |      0 |      0 |     23 |   1 |   77.0 |
          Lair |   8781 |   7696 |   1085 |   1054 |   5319 |   5 | 1756.2 |
        Shoals |   4348 |   3832 |    516 |      0 |   2834 |   4 | 1087.0 |
   Spider Nest |   4748 |   4522 |    226 |     38 |   3318 |   4 | 1187.0 |
    Slime Pits |    701 |    701 |      0 |      0 |    251 |   5 |  140.2 |
  Orcish Mines |   1775 |   1583 |    192 |      0 |   1198 |   2 |  887.5 |
   Elven Halls |   1885 |   1743 |    142 |      0 |   1385 |   2 |  942.5 |
        Vaults |   7911 |   7278 |    633 |      6 |   5351 |   5 | 1582.2 |
        Depths |   4307 |   3948 |    359 |      0 |   2798 |   4 | 1076.8 |
           Zot |   8013 |   7621 |    392 |   1701 |   4018 |   5 | 1602.6 |
         Trove |    121 |    121 |      0 |      0 |     31 |   1 |  121.0 |
      Ice Cave |   1392 |   1392 |      0 |    287 |    794 |   1 | 1392.0 |
               +--------+--------+--------+--------+--------+-----+--------+

Top non-repeatable levels by time:
  Lair:2: 2708 daAuts
  Lair:5: 2559 daAuts
   Zot:3: 2437 daAuts
Vaults:5: 2275 daAuts
    D:14: 1675 daAuts
   Zot:5: 1626 daAuts
   Zot:4: 1545 daAuts
Vaults:2: 1495 daAuts
   Zot:2: 1481 daAuts
     D:9: 1452 daAuts
  Lair:4: 1408 daAuts
Vaults:4: 1393 daAuts
   IceCv: 1392 daAuts
Vaults:1: 1383 daAuts
Spider:4: 1379 daAuts
